 Dungeon Crawl Stone Soup version 0.26-a0-1129-gc5df7fbe6a (webtiles) character file.

Game seed: 15012326368938451927

83579 loralnil the Martial Artist (level 15, -3/117 HPs)
             Began as a Gnoll Transmuter on Dec 18, 2020.
             Was the Champion of Okawaru.
             Slain by an alligator (12 damage)
             ... on level 1 of the Swamp.
             The game lasted 00:56:21 (29476 turns).

loralnil the Martial Artist (Gnoll Transmuter)     Turns: 29476, Time: 00:56:21

Health: -3/117     AC: 17    Str: 12    XL:     15   Next: 77%
Magic:  30/30      EV: 21    Int: 19    God:    Okawaru [******]
Gold:   1613       SH:  5    Dex: 26    Spells: 11/36 levels left

rFire    + + .     SeeInvis +   h - +7 longbow of Terror {venom, rPois rF+ rC+ Stlth+}
rCold    + + .     Faith    .   (shield currently unavailable)
rNeg     . . .     Spirit   .   I - +0 ring mail "Lotugg" {rElec rCorr Str-2}
rPois    +         Reflect  +   K - +2 helmet {SInv}
rElec    +         Harm     .   Q - scarf {rC+ rF+}
rCorr    +         Rampage  .   p - +0 pair of gloves
Will     +....                  M - +4 pair of boots "Laamacso" {Dex+3}
Stlth    +++++.....             D - amulet of reflection
HPRegen  0.29/turn              A - +6 ring of dexterity
MPRegen  0.22/turn              q - ring of resist corrosion

@: lethally poisoned (-3 -> -4), sluggish, flying, very slow
A: distributed training, fangs 1, strong nose
a: Renounce Religion, Heroism, Finesse


You were on level 1 of the Swamp.
You worshipped Okawaru.
Okawaru was exalted by your worship.
You visited 5 branches of the dungeon, and saw 25 of its levels.

You collected 2124 gold pieces.
You spent 511 gold pieces at shops.

Inventory:

Hand Weapons
 h - the +7 longbow of Terror (weapon) {venom, rPois rF+ rC+ Stlth+}
   (Okawaru gifted it to you on level 13 of the Dungeon)

   It poisons the ammo it fires.
   It protects you from fire.
   It protects you from cold.
   It protects you from poison.
   It makes you more stealthy.
Missiles
 L - 270 arrows (quivered ammo)
Armour
 b - a +3 buckler
 p - a +0 pair of gloves (worn)
 I - the +0 ring mail "Lotugg" (worn) {rElec rCorr Str-2}
   (Okawaru gifted it to you on level 11 of the Dungeon)

   It affects your strength (-2).
   It insulates you from electricity.
   It provides partial protection from all sources of acid and corrosion.
 K - a +2 helmet of see invisible (worn)
 M - the +4 pair of boots "Laamacso" (worn) {Dex+3}
   (You bought it in a shop on level 13 of the Dungeon)

   It affects your dexterity (+3).
 P - a +2 cloak of poison resistance
 Q - a scarf of resistance (worn)
Jewellery
 j - an uncursed ring of magical power
 q - a ring of resist corrosion (right hand)
 x - an uncursed amulet of magic regeneration
 A - a +6 ring of dexterity (left hand)
 D - an amulet of reflection (around neck)
 R - an uncursed ring of positive energy
Wands
 l - a wand of iceblast (7)
 o - a wand of digging (12)
 r - a wand of polymorph (15)
 y - a wand of acid (51)
 B - a wand of flame (29)
 E - a wand of enslavement (8)
Scrolls
 g - 5 scrolls of enchant weapon
 n - 2 scrolls of immolation
 s - 4 scrolls of amnesia
 u - 7 scrolls of fog
 v - a scroll of identify
 w - 2 scrolls of brand weapon
 C - 6 scrolls of magic mapping
 O - 3 scrolls of summoning
 S - 2 scrolls of remove curse
 T - 2 scrolls of teleportation
Potions
 c - 2 potions of cancellation
 d - 6 potions of lignification
 e - a potion of berserk rage
 f - a potion of flight
 i - 3 potions of magic
 k - 7 potions of resistance
 m - a potion of curing
 t - 2 potions of brilliance
 z - 3 potions of mutation
 F - a potion of might
 G - a potion of haste
 H - 6 potions of ambrosia
 J - a potion of invisibility
 N - 3 potions of heal wounds


   Skills:
 + Level 10.6 Fighting
 + Level 10.3 Short Blades
 + Level 10.3 Long Blades
 + Level 10.3 Axes
 + Level 10.3 Maces & Flails
 + Level 10.3 Polearms
 + Level 10.3 Staves
 + Level 10.3 Slings
 + Level 10.3 Bows
 + Level 10.3 Crossbows
 + Level 10.3 Throwing
 + Level 10.3 Armour
 + Level 11.2 Dodging
 + Level 10.3 Stealth
 + Level 10.3 Shields
 + Level 12.0 Unarmed Combat
 + Level 11.3 Spellcasting
 + Level 8.7 Conjurations
 + Level 8.7 Hexes
 + Level 8.7 Summonings
 + Level 8.7 Necromancy
 + Level 8.7 Translocations
 + Level 9.5 Transmutations
 + Level 8.7 Fire Magic
 + Level 8.7 Ice Magic
 + Level 8.7 Air Magic
 + Level 8.7 Earth Magic
 + Level 8.7 Poison Magic
 + Level 11.1 Invocations
 + Level 10.3 Evocations


You had 11 spell levels left.
You knew the following spells:

 Your Spells              Type           Power        Failure   Level
a - Lee's Rapid Deconstr  Erth           21%          10%         5
b - Wereblood             Tmut           47%          1%          2
c - Spider Form           Tmut/Pois      22%          1%          3
d - Ice Form              Ice/Tmut       45%          3%          4
e - Swiftness             Air            43%          1%          2
f - Petrify               Tmut/Erth      45%          3%          4
g - Blade Hands           Tmut           23%          7%          5

Your spell library contained the following spells:

 Spells                   Type           Power        Failure   Level
 Animate Skeleton         Necr           86%          1%          1
 Beastly Appendage        Tmut           94%          1%          1
 Corona                   Hex            47%          1%          1
 Magic Dart               Conj           100%         1%          1
 Pain                     Necr           100%         1%          1
 Sandblast                Erth           86%          1%          1
 Shock                    Conj/Air       100%         1%          1
 Summon Small Mammal      Summ           100%         1%          1
 Call Imp                 Summ           43%          1%          2
 Ensorcelled Hibernation  Hex/Ice        86%          1%          2
 Passwall                 Tmut/Erth      37%          1%          2
 Searing Ray              Conj           86%          1%          2
 Call Canine Familiar     Summ           43%          1%          3
 Confusing Touch          Hex            43%          1%          3
 Dazzling Flash           Conj/Hex       86%          1%          3
 Gell's Gravitas          Tloc           21%          1%          3
 Static Discharge         Conj/Air       43%          1%          3
 Stone Arrow              Conj/Erth      86%          1%          3
 Summon Guardian Golem    Hex/Summ       43%          1%          3
 Teleport Other           Tloc           43%          1%          3
 Tukima's Dance           Hex            43%          1%          3
 Vampiric Draining        Necr           21%          1%          3
 Airstrike                Air            21%          3%          4
 Animate Dead             Necr           21%          3%          4
 Fulminant Prism          Conj/Hex       21%          3%          4
 Iskenderun's Mystic Bla  Conj/Tloc      43%          3%          4
 Olgreb's Toxic Radiance  Pois           43%          3%          4
 Summon Ice Beast         Ice/Summ       43%          3%          4
 Summon Lightning Spire   Summ/Air       43%          3%          4
 Yara's Violent Unravell  Hex/Tmut       22%          9%          5
 Agony                    Necr           43%          10%         5
 Lightning Bolt           Conj/Air       21%          10%         5
 Metabolic Englaciation   Hex/Ice        21%          10%         5
 Dispersal                Tloc           21%          47%         6
 Malign Gateway           Summ/Tloc      21%          96%         7


Dungeon Overview and Level Annotations

Branches:
Dungeon (15/15)            Temple (1/1) D:5            Lair (6/6) D:8
  Swamp (1/4) Lair:2       Spider (0/4) Lair:2        Slime (0/5) Lair:5
    Orc (2/2) D:10            Elf (0/3) Orc:2        Vaults (0/5) D:13
 Depths (0/5) D:15

Altars:
Ashenzari
Cheibriados
Dithmenos
Elyvilon
Fedhas
Gozag
Hepliaklqana
Kikubaaqudgha
Makhleb
Nemelex Xobeh
Okawaru
Qazlal
Ru
Sif Muna
Trog
Uskayaw
Vehumet
Wu Jian
Xom
Yredelemnul
Zin
The Shining One
Beogh
Jiyva

Shops:
D:4 *   D:11 :   D:13 [*   D:14 *   Orc:2 }([?

Annotations:
D:3 1 runed translucent door, Sassenached's ghost, amateur DgWn
D:7 exclusion: ice statue


Innate Abilities, Weirdness & Mutations

Your experience applies equally to all skills.
You have very sharp teeth.
Your uncanny sense of smell can sniff out nearby items.


Message History

The +7 longbow of Terror {venom, rPois rF+ rC+ Stlth+} begins to drip with poison!
You feel sick.
You feel sick.
You feel sick.
You feel sick.
Trunks creak and shift.
You start to feel a little faster.
You feel sick. Why would you want to do that? Why would you want to do that?
You feel very buoyant.
You fly up into the air.
You feel sick. Branches wave dangerously above you.
You feel sick.
You feel sick. The alligator closely misses you. The alligator misses you.
You are too injured to fight recklessly!
You feel much better. The alligator bites you!!
* * * LOW HITPOINT WARNING * * *
The alligator tail-slaps you!
You die...

♣
≈§≈..≈≈..♣♣≈.≈..≈♣♣♣♣...♣
♣
.≈≈.§.....≈..≈≈.>..♣♣♣♣♣♣
♣ ♣...≈..♣♣≈.≈.....♣ ≈..
♣≈.....♣♣♣♣♣...≈♣♣♣♣♣ ♣≈≈
♣.≈≈≈...♣♣♣♣≈≈..≈..≈♣♣ ♣.
♣.≈..≈≈≈.♣♣.≈≈≈...≈..♣ ∆
♣♣
♣≈..≈≈≈≈.......≈.≈≈≈.♣♣
♣♣..≈≈≈≈≈t≈≈≈≈≈...≈≈≈≈.♣
.≈..≈≈≈≈≈@.≈≈≈≈≈..≈≈≈≈≈♣
....≈≈≈≈≈≈...≈≈≈≈.≈≈≈≈.♣♣
....≈≈≈≈≈≈<...≈≈......≈♣
....≈≈≈≈≈≈(..≈≈........♣
...≈≈≈≈≈≈≈..≈≈.≈♣≈≈..♣♣
≈≈≈.≈≈≈≈..♣♣♣♣♣♣≈≈≈§.♣
≈≈≈.....♣♣♣ ♣≈...♣♣
...≈≈≈..♣ ♣♣♣ ♣♣.≈≈.≈♣
♣...≈≈..♣♣♣.♣♣♣≈≈≈≈≈.♣


You could see an alligator (swift, poisoned).

Vanquished Creatures
  An orc warlord (Orc:1)
  A bunyip (Swamp:1)
  Snorg (Lair:3)
  An ettin (Orc:2)
  Josephine (D:12)
  Harold (Lair:2)
  Erolcha (Orc:2)
  A catoblepas (Lair:4)
  3 hydras
  A vault guard (D:13)
  2 boulder beetles
  A centaur warrior (D:13)
  Erica (Lair:1)
  4 alligators
  5 two-headed ogres
  An ogre mage (D:15)
  4 death yaks (Lair:6)
  2 tengu warriors (D:15)
  An orc high priest (Orc:2)
  Urug (Lair:4)
  Sonja (D:12)
  Nergalle (Lair:3)
  3 unseen horrors
  A spriggan druid (Swamp:1)
  A wizard (D:14)
  A goliath frog (Swamp:1)
  4 bog bodies
  A swamp dragon (Lair:2)
  Pikel (D:6)
  A wolf spider zombie (D:13)
  An orc knight (D:15)
  An orc sorcerer (Orc:2)
  2 deep elf magi
  11 ugly things
  2 centaur zombies
  7 elephants (Lair:2)
  5 black mambas
  Joseph (D:8)
  Maurice (D:13)
  A torpor snail (Lair:6)
  9 cane toads
  11 komodo dragons
  4 rime drakes
  A freezing wraith (D:13)
  A yaktaur (D:15)
  A jumping spider (Lair:2)
  A tyrant leech (Lair:2)
  5 trolls
  5 polar bears (Lair:6)
  21 blink frogs
  5 hornets (Lair:6)
  A dream sheep (Lair:6)
  11 spriggans (Lair:6)
  45 yaks
  A shadow (D:15)
  A vampire (D:13)
  8 wraiths
  2 wyverns
  A fire bat (shapeshifter) (D:15)
  10 humans (D:13)
  5 vampire mosquitoes (D:14)
  2 wargs (Orc:2)
  A soldier ant (D:13)
  3 swamp worms (Swamp:1)
  2 soldier ants (shapeshifter)
  2 acid dragons
  13 water moccasins
  Duvessa (D:6)
  2 ice beasts
  2 sky beasts
  20 orc warriors
  5 black bears
  3 necrophages
  8 ogres
  3 phantoms
  5 boggarts (Lair:6)
  An eye of draining (D:11)
  13 centaurs
  27 wolves
  4 big kobolds
  A lemure (D:6)
  9 bullfrogs
  2 elf zombies (D:14)
  2 gnoll sergeants
  Dowan (D:6)
  A wyvern skeleton (D:7)
  12 scorpions
  A troll zombie (D:14)
  9 wights
  4 killer bees (D:12)
  An electric eel (Lair:2)
  A bullfrog zombie (D:13)
  6 human zombies (D:14)
  14 orc priests
  5 hounds
  3 jellies
  2 quasits (D:10)
  2 centaur skeletons
  A gnoll shaman (D:4)
  A human skeleton (D:14)
  22 orc wizards
  2 iguanas (D:6)
  6 worker ants
  A killer bee zombie (D:7)
  A hound zombie (D:10)
  2 hound skeletons
  A mummy (D:14)
  2 worker ant zombies
  17 gnolls
  A howler monkey skeleton (D:5)
  9 adders
  A shadow imp (D:9)
  3 white imps
  2 ufetubi
  3 adder zombies
  A worm (D:2)
  2 dart slugs (D:2)
  3 leopard geckos
  117 orcs
  9 bats
  4 giant cockroaches
  9 goblins
  8 hobgoblins
  7 jackals
  12 quokkas
  A ball python (D:3)
  8 frilled lizards
  A giant cockroach zombie (D:6)
  22 kobolds
  6 rats
  A bush (Lair:1)
709 creatures vanquished.

Vanquished Creatures (others)
  A hornet (Swamp:1)
  A human (D:13)
  35 fungi
  33 plants
  3 withered plants (Swamp:1)
73 creatures vanquished.

Grand Total: 782 creatures vanquished

Notes
Turn   | Place    | Note
-------+----------+-------------------------------------------
     0 | D:1      | loralnil the Gnoll Transmuter began the quest for the Orb.
     0 | D:1      | Reached XP level 1. HP: 17/17 MP: 6/6
   175 | D:1      | Reached XP level 2. HP: 22/23 MP: 5/7
   842 | D:1      | Reached XP level 3. HP: 28/28 MP: 7/9
   917 | D:2      | Reached skill level 5 in Spellcasting
  1037 | D:2      | Reached skill level 1 in Invocations
  1135 | D:2      | Reached skill level 1 in Short Blades
  1135 | D:2      | Reached skill level 1 in Long Blades
  1135 | D:2      | Reached skill level 1 in Axes
  1135 | D:2      | Reached skill level 1 in Maces & Flails
  1135 | D:2      | Reached skill level 1 in Polearms
  1135 | D:2      | Reached skill level 1 in Staves
  1135 | D:2      | Reached skill level 1 in Slings
  1135 | D:2      | Reached skill level 1 in Bows
  1135 | D:2      | Reached skill level 1 in Crossbows
  1135 | D:2      | Reached skill level 1 in Throwing
  1135 | D:2      | Reached skill level 1 in Armour
  1135 | D:2      | Reached skill level 1 in Stealth
  1135 | D:2      | Reached skill level 1 in Shields
  1135 | D:2      | Reached skill level 1 in Evocations
  1322 | D:2      | Reached XP level 4. HP: 34/34 MP: 9/11
  1986 | D:3      | Reached skill level 1 in Conjurations
  1986 | D:3      | Reached skill level 1 in Hexes
  1986 | D:3      | Reached skill level 1 in Summonings
  1986 | D:3      | Reached skill level 1 in Necromancy
  1986 | D:3      | Reached skill level 1 in Translocations
  1986 | D:3      | Reached skill level 1 in Fire Magic
  1986 | D:3      | Reached skill level 1 in Ice Magic
  1986 | D:3      | Reached skill level 1 in Air Magic
  1986 | D:3      | Reached skill level 1 in Earth Magic
  1986 | D:3      | Reached skill level 1 in Poison Magic
  2471 | D:3      | Found a runed translucent door.
  2471 | D:3      | Noticed a bullfrog
  2473 | D:3      | Noticed Sassenached's ghost (amateur DgWn)
  2601 | D:3      | Reached XP level 5. HP: 37/40 MP: 12/12
  2610 | D:3      | Learned a level 2 spell: Wereblood
  2614 | D:3      | Learned a level 3 spell: Spider Form
  2845 | D:4      | Reached XP level 6. HP: 15/47 MP: 13/13
  3165 | D:4      | Found a blossoming altar of Fedhas.
  3284 | D:4      | Reached skill level 5 in Dodging
  3343 | D:4      | Reached XP level 7. HP: 52/52 MP: 15/15
  3569 | D:4      | Found Cyngus's General Store.
  3939 | D:5      | Entered Level 5 of the Dungeon
  3973 | D:5      | Found a staircase to the Ecumenical Temple.
  3983 | Temple   | Entered the Ecumenical Temple
  3991 | Temple   | Became a worshipper of Warmaster Okawaru
  4042 | D:5      | Reached skill level 7 in Unarmed Combat
  4050 | D:5      | Found a shadowy altar of Dithmenos.
  4312 | D:5      | Found a white marble altar of Elyvilon.
  4405 | D:5      | Reached * piety under Okawaru
  4412 | D:5      | Learned a level 4 spell: Ice Form
  4576 | D:5      | Reached XP level 8. HP: 52/60 MP: 16/16
  4684 | D:5      | HP: 3/60 [something (4)]
  5071 | D:6      | Noticed Dowan
  5073 | D:6      | Noticed Duvessa
  5372 | D:6      | Killed Duvessa
  5381 | D:6      | Killed Dowan
  5633 | D:6      | Learned a level 2 spell: Swiftness
  5761 | D:6      | Found a basalt altar of Yredelemnul.
  6122 | D:6      | Noticed Pikel
  6135 | D:6      | Killed Pikel
  6135 | D:6      | Reached ** piety under Okawaru
  6135 | D:6      | Reached *** piety under Okawaru
  6136 | D:6      | Reached skill level 5 in Transmutations
  6136 | D:6      | Reached XP level 9. HP: 62/67 MP: 18/18
  6465 | D:7      | Reached skill level 5 in Fighting
  6554 | D:7      | Received a gift from Okawaru
  7048 | D:7      | Noticed an ice statue
  7109 | D:8      | Reached skill level 8 in Unarmed Combat
  7396 | D:8      | Found a staircase to the Lair.
  7545 | D:8      | Reached skill level 5 in Invocations
  7701 | D:8      | Noticed a two-headed ogre
  7716 | D:8      | Killed a two-headed ogre
  7717 | D:8      | Reached XP level 10. HP: 37/75 MP: 18/20
  7914 | D:8      | Noticed Joseph
  7930 | D:8      | Killed Joseph
  7930 | D:8      | Reached **** piety under Okawaru
  7931 | D:8      | Reached skill level 5 in Short Blades
  7931 | D:8      | Reached skill level 5 in Long Blades
  7931 | D:8      | Reached skill level 5 in Axes
  7931 | D:8      | Reached skill level 5 in Maces & Flails
  7931 | D:8      | Reached skill level 5 in Polearms
  7931 | D:8      | Reached skill level 5 in Staves
  7931 | D:8      | Reached skill level 5 in Slings
  7931 | D:8      | Reached skill level 5 in Bows
  7931 | D:8      | Reached skill level 5 in Crossbows
  7931 | D:8      | Reached skill level 5 in Throwing
  7931 | D:8      | Reached skill level 5 in Armour
  7931 | D:8      | Reached skill level 5 in Stealth
  7931 | D:8      | Reached skill level 5 in Shields
  7931 | D:8      | Reached skill level 5 in Evocations
  8521 | D:9      | Found a snail-covered altar of Cheibriados.
  8557 | D:9      | Learned a level 4 spell: Petrify
  8690 | D:9      | Found a white marble altar of Elyvilon.
  8860 | D:9      | Found an opulent altar of Gozag.
  8902 | D:9      | Received a gift from Okawaru
  9257 | D:9      | You fall into a shaft and drop 3 floors!
  9303 | D:12     | Reached ***** piety under Okawaru
  9514 | D:12     | Noticed Sonja
  9540 | D:11     | Reached XP level 11. HP: 83/83 MP: 19/22
  9819 | D:11     | Reached skill level 9 in Unarmed Combat
  9985 | D:11     | Identified the Collected Works on the Cankerous Compass
 10056 | D:11     | Received a gift from Okawaru
 10059 | D:11     | Got a transparent ring mail {god gift}
 10120 | D:11     | Identified the +0 ring mail "Lotugg" {rElec rCorr Str-2}
                  | (Okawaru gifted it to you on level 11 of the Dungeon)
 10244 | D:11     | Reached skill level 5 in Conjurations
 10244 | D:11     | Reached skill level 5 in Hexes
 10244 | D:11     | Reached skill level 5 in Summonings
 10244 | D:11     | Reached skill level 5 in Necromancy
 10244 | D:11     | Reached skill level 5 in Translocations
 10244 | D:11     | Reached skill level 5 in Fire Magic
 10244 | D:11     | Reached skill level 5 in Ice Magic
 10244 | D:11     | Reached skill level 5 in Air Magic
 10244 | D:11     | Reached skill level 5 in Earth Magic
 10244 | D:11     | Reached skill level 5 in Poison Magic
 10400 | D:11     | Found Kysisa Geto's Book Boutique.
 10713 | D:11     | Killed an unseen horror
 10961 | D:12     | Killed Sonja
 11120 | D:12     | Learned a level 5 spell: Blade Hands
 11123 | D:12     | Noticed Josephine
 11139 | D:12     | Killed Josephine
 11439 | D:12     | Killed an unseen horror
 12149 | D:13     | Noticed a boulder beetle
 12169 | D:13     | Killed a boulder beetle
 12459 | D:13     | Found Wijeinich's Assorted Antiques.
 12540 | D:13     | Received a gift from Okawaru
 12566 | D:13     | Noticed a green ugly thing
 12574 | D:13     | Killed a green ugly thing
 12689 | D:13     | Reached XP level 12. HP: 79/91 MP: 20/24
 12743 | D:13     | Noticed Maurice
 12750 | D:13     | Noticed a centaur warrior
 12756 | D:13     | Killed Maurice
 12760 | D:13     | Killed a centaur warrior
 12760 | D:13     | Received a gift from Okawaru
 12767 | D:13     | Got a brightly glowing longbow {god gift}
 12815 | D:13     | Identified the +7 longbow of Terror {venom, rPois rF+ rC+
                  | Stlth+} (Okawaru gifted it to you on level 13 of the
                  | Dungeon)
 12951 | D:13     | Noticed a vault guard
 12968 | D:13     | Killed a vault guard
 13073 | D:13     | Found a gate to the Vaults.
 13089 | D:13     | Got a smelly plate armour
 13094 | D:13     | Got a dazzling plate armour
 13174 | D:13     | Identified the +7 plate armour of Kindness {rC+} (You found
                  | it on level 13 of the Dungeon)
 13184 | D:13     | Identified the +4 plate armour of the Eight Boll Weevils
                  | {Int+4 Stlth+} (You found it on level 13 of the Dungeon)
 13443 | D:13     | Found Epib Mil's Antique Armour Emporium.
 13448 | D:13     | Bought a pair of fading boots for 218 gold pieces
 13458 | D:13     | Identified the +4 pair of boots "Laamacso" {Dex+3} (You
                  | bought it in a shop on level 13 of the Dungeon)
 13572 | D:13     | HP: 4/92 [rime drake/flash freeze (19)]
 14174 | D:14     | Noticed a boulder beetle
 14188 | D:14     | Killed a boulder beetle
 14188 | D:14     | Reached ****** piety under Okawaru
 14277 | D:14     | Got a fine scale mail
 14288 | D:14     | Identified the cursed +0 scale mail of the Six Ears {rN+
                  | Dex+3} (You found it on level 14 of the Dungeon)
 14344 | D:14     | Reached skill level 10 in Unarmed Combat
 14363 | D:14     | Found a basalt altar of Yredelemnul.
 14521 | D:14     | Received a gift from Okawaru
 14641 | D:14     | Found Ickex's General Store.
 14820 | D:14     | Reached XP level 13. HP: 79/98 MP: 19/26
 14838 | D:14     | Bought a potion of heal wounds for 70 gold pieces
 14838 | D:14     | Bought a potion of heal wounds for 70 gold pieces
 14838 | D:14     | Bought a scroll of identify for 28 gold pieces
 14838 | D:14     | Bought a scroll of identify for 28 gold pieces
 15573 | D:15     | Entered Level 15 of the Dungeon
 15930 | D:15     | Found a white marble altar of Elyvilon.
 16356 | D:15     | Found a staircase to the Depths.
 16356 | D:15     | Noticed a fire giant
 16443 | D:15     | Received a gift from Okawaru
 16679 | D:10     | Entered Level 10 of the Dungeon
 16715 | D:10     | Found a staircase to the Orcish Mines.
 17749 | Lair:1   | Entered Level 1 of the Lair of Beasts
 17903 | Lair:1   | Reached skill level 10 in Spellcasting
 18018 | Lair:1   | Found an ancient bone altar of Kikubaaqudgha.
 18032 | Lair:1   | Noticed Erica
 18041 | Lair:1   | Killed Erica
 18753 | Lair:2   | Noticed Harold
 18779 | Lair:2   | Killed Harold
 18785 | Lair:2   | Reached XP level 14. HP: 42/108 MP: 20/28
 19111 | Lair:2   | Reached skill level 10 in Dodging
 19501 | Lair:2   | Reached skill level 11 in Unarmed Combat
 19521 | Lair:2   | Found a hole to the Spider Nest.
 20145 | Lair:2   | Found a staircase to the Swamp.
 20962 | Lair:3   | Received a gift from Okawaru
 21121 | Lair:3   | Noticed Nergalle
 21131 | Lair:3   | Killed Nergalle
 21306 | Lair:2   | Reached skill level 10 in Invocations
 21315 | Lair:3   | Noticed Snorg
 21330 | Lair:3   | Killed Snorg
 21409 | Lair:3   | Received a gift from Okawaru
 22292 | Lair:4   | Noticed Urug
 22299 | Lair:4   | Killed Urug
 22965 | Lair:5   | Received a gift from Okawaru
 23716 | Lair:5   | Found a viscous altar of Jiyva.
 23718 | Lair:5   | Found a staircase to the Slime Pits.
 23978 | Lair:6   | Entered Level 6 of the Lair of Beasts
 24499 | Lair:6   | Reached skill level 10 in Fighting
 24595 | Lair:6   | Reached XP level 15. HP: 93/115 MP: 20/29
 25154 | Lair:6   | Received a gift from Okawaru
 25611 | Lair:6   | Received a gift from Okawaru
 25958 | Lair:6   | Reached skill level 10 in Short Blades
 25958 | Lair:6   | Reached skill level 10 in Long Blades
 25958 | Lair:6   | Reached skill level 10 in Axes
 25958 | Lair:6   | Reached skill level 10 in Maces & Flails
 25958 | Lair:6   | Reached skill level 10 in Polearms
 25958 | Lair:6   | Reached skill level 10 in Staves
 25958 | Lair:6   | Reached skill level 10 in Slings
 25958 | Lair:6   | Reached skill level 10 in Bows
 25958 | Lair:6   | Reached skill level 10 in Crossbows
 25958 | Lair:6   | Reached skill level 10 in Throwing
 25958 | Lair:6   | Reached skill level 10 in Armour
 25958 | Lair:6   | Reached skill level 10 in Stealth
 25958 | Lair:6   | Reached skill level 10 in Shields
 25958 | Lair:6   | Reached skill level 10 in Evocations
 26514 | Orc:1    | Entered Level 1 of the Orcish Mines
 26599 | Orc:1    | Learned a level 5 spell: Lee's Rapid Deconstruction
 26607 | Orc:2    | Entered Level 2 of the Orcish Mines
 26687 | Orc:2    | Noticed Erolcha
 26696 | Orc:2    | Killed Erolcha
 26784 | Orc:2    | Found a roughly hewn altar of Beogh.
 26869 | Orc:2    | Found a staircase to the Elven Halls.
 26977 | Orc:2    | Found a roughly hewn altar of Beogh.
 27004 | Orc:2    | Found Axocoyzo's Magic Scroll Emporium.
 27014 | Orc:2    | Bought a scroll of blinking for 97 gold pieces
 27152 | Orc:2    | Found a roughly hewn altar of Beogh.
 27378 | Orc:2    | Noticed an orc warlord
 27508 | Orc:1    | Killed an orc warlord
 27869 | Orc:2    | Found Alairche's Antique Armour Shop.
 27874 | Orc:2    | Found a roughly hewn altar of Beogh.
 27880 | Orc:2    | Found Vyfahov's Antique Weapon Boutique.
 27969 | Orc:2    | Found a roughly hewn altar of Beogh.
 27980 | Orc:2    | Found Kul Kott's Gadget Boutique.
 28045 | Orc:2    | Found a roughly hewn altar of Beogh.
 28251 | Orc:2    | Found a roughly hewn altar of Beogh.
 28564 | Swamp:1  | Entered Level 1 of the Swamp
 29129 | Swamp:1  | Received a gift from Okawaru
 29431 | Swamp:1  | Reached skill level 12 in Unarmed Combat
 29438 | Swamp:1  | Received a gift from Okawaru
 29476 | Swamp:1  | Slain by an alligator

Illustrated notes

Levels and vault maps discovered:
D:1:      saegor_arrival_simple_b, layout_basic
D:2:      layout_loops_cross, minivault_4, grunt_ministairs_5
D:3:      layout_basic, ebering_ghost_sewer_d, minmay_misc_feat_enclosed
D:4:      layout_basic, old_standard_altar, serial_shops,
          nicolae_shop_behind_doors
D:5:      layout_basic, minmay_temple_entry_butterflies, basic_altar,
          minmay_misc_feat_hallway, minmay_ruined_shrine
D:6:      layout_gridville, basic_altar, lightli_orcish_oven, uniq_duvessa,
          uniq_pikel
D:7:      lemuel_ice_statue, layout_cave_pools
D:8:      layout_loops_ring, lair_entry_dummy, enter_bailey_5,
          hangedman_decor_points, uniq_joseph
D:9:      layout_basic, lemuel_doored_altar, marbit_many_paths,
          grunt_gozag_statues
D:10:     layout_small_grid, orc_david_3, special_room [special_room_orc]
D:11:     layout_loops_ring, serial_shops, shop
D:12:     layout_basic, uniq_sonja, uniq_josephine
D:13:     layout_loops_ring, ximxim_vaults_locker_room, portal_ice_cave_rime,
          serial_shops, nicolae_shop_statue_plus, shop, corexii_checkpoint_a,
          uniq_maurice
D:14:     layout_basic, serial_shops, nicolae_shop_statue_plus,
          lemuel_mausoleum_altar_yredelemnul, minmay_misc_feat_five
D:15:     grunt_enter_depths_giant_problem, layout_loops_cross,
          elyvilon_altar_3, basic_altar, grunt_ministairs_10, uniq_kirke
Temple:   nicolae_temple_no_exploring_needed
Lair:1:   layout_loops_ring, basic_altar, wad_woods_06, grunt_megastairs_5,
          infiniplex_staircase_pool_2, uniq_erica
Lair:2:   layout_loops_ring, nicolae_swamp_entry_splash_gauntlet,
          spider_nest_entry_a, lemuel_fruit_fields, uniq_harold
Lair:3:   layout_small_grid, minivault_11, uniq_nergalle, uniq_snorg
Lair:4:   layout_layer_cave, uniq_urug
Lair:5:   layout_regular_city, slime_altar_1, serial_bayou_shore_b
Lair:6:   minmay_lair_end_enchanted_forest, layout_concentric_octagons
Swamp:1:  layout_basic_swamp, ebering_ghost_funeral_grove,
          infiniplex_staircase_pool, hangedman_swamp_blocks, swamp_pool3,
          nicolae_swamp_feature_on_the_river_bank
Orc:1:    layout_diamond_mine, basic_altar
Orc:2:    grunt_orc_community_town_hall, layout_caves,
          grunt_orc_community_big_house_2, grunt_orc_community_big_house_1,
          grunt_orc_community_house_1, grunt_orc_community_house_1,
          grunt_orc_community_house_3, grunt_orc_community_house_1, uniq_erolcha

Skill      XL: |  1  2  3  4  5  6  7  8  9 10 11 12 13 14 15 |
---------------+----------------------------------------------+-----
Spellcasting   | 5 6 7 8 9 10 11 | 11.3
Invocations    | 1 2 3 4 5 6 7 8 9 10 11 | 11.1
Short Blades   | 1 2 4 5 6 7 8 9 10 | 10.3
Long Blades    | 1 2 4 5 6 7 8 9 10 | 10.3
Axes           | 1 2 4 5 6 7 8 9 10 | 10.3
Maces & Flails | 1 2 4 5 6 7 8 9 10 | 10.3
Polearms       | 1 2 4 5 6 7 8 9 10 | 10.3
Staves         | 1 2 4 5 6 7 8 9 10 | 10.3
Slings         | 1 2 4 5 6 7 8 9 10 | 10.3
Bows           | 1 2 4 5 6 7 8 9 10 | 10.3
Crossbows      | 1 2 4 5 6 7 8 9 10 | 10.3
Throwing       | 1 2 4 5 6 7 8 9 10 | 10.3
Armour         | 1 2 4 5 6 7 8 9 10 | 10.3
Stealth        | 1 2 4 5 6 7 8 9 10 | 10.3
Shields        | 1 2 4 5 6 7 8 9 10 | 10.3
Evocations     | 1 2 4 5 6 7 8 9 10 | 10.3
Conjurations   | 1 2 3 4 5 6 7 8 |  8.7
Hexes          | 1 2 3 4 5 6 7 8 |  8.7
Summonings     | 1 2 3 4 5 6 7 8 |  8.7
Necromancy     | 1 2 3 4 5 6 7 8 |  8.7
Translocations | 1 2 3 4 5 6 7 8 |  8.7
Fire Magic     | 1 2 3 4 5 6 7 8 |  8.7
Ice Magic      | 1 2 3 4 5 6 7 8 |  8.7
Air Magic      | 1 2 3 4 5 6 7 8 |  8.7
Earth Magic    | 1 2 3 4 5 6 7 8 |  8.7
Poison Magic   | 1 2 3 4 5 6 7 8 |  8.7
Fighting       | 3 4 5 6 7 8 9 10 | 10.6
Transmutations | 4 5 6 7 8 9 |  9.5
Dodging        | 5 6 7 8 9 10 11 | 11.2
Unarmed Combat | 7 8 9 10 11 12 | 12.0

Action                   |  1- 3 |  4- 6 |  7- 9 | 10-12 | 13-15 || total
-------------------------+-------+-------+-------+-------+-------++-------
Melee: Unarmed           |    81 |   120 |   298 |   558 |   852 ||  1909
       Kick              |    16 |    15 |    17 |     9 |       ||    57
       Headbutt          |    10 |    16 |    11 |     5 |       ||    42
       Bite              |     4 |     3 |    11 |    24 |    65 ||   107
       Punch             |       |       |       |     8 |    37 ||    45
 Fire: Longbow           |       |       |       |     6 |   297 ||   303
 Cast: Beastly Appendage |    27 |    21 |    18 |     9 |       ||    75
       Spider Form       |       |     6 |    32 |    28 |     8 ||    74
       Ice Form          |       |       |       |    18 |    33 ||    51
       Blade Hands       |       |       |       |    13 |    65 ||    78
       Lee's Rapid Decon |       |       |       |       |     2 ||     2
       Swiftness         |       |       |       |       |     1 ||     1
Invok: Heroism           |       |       |     1 |     3 |    11 ||    15
       Finesse           |       |       |       |       |     2 ||     2
  Use: Scroll            |     4 |     1 |     4 |    22 |    16 ||    47
       Potion            |       |       |     1 |     3 |     5 ||     9
 Stab: Sleeping          |       |     4 |    11 |    21 |     3 ||    39
       Distracted        |       |       |       |       |     2 ||     2
Armor: Robe              |    11 |     3 |     3 |     3 |       ||    20
       Skin              |       |     1 |    10 |    33 |    37 ||    81
       Ring mail         |       |       |       |    25 |   104 ||   129
Dodge: Dodged            |    50 |    68 |   254 |   333 |   685 ||  1390
Block: Buckler           |     8 |    11 |    18 |    16 |       ||    53
       Other             |       |       |     3 |    89 |   161 ||   253
       Reflection        |       |       |       |     8 |     4 ||    12

Table legend: (Time is in decaauts)
 A = Elapsed time spent in this place.
 B = Non-inter-level travel time spent in this place.
 C = Inter-level travel time spent in this place.
 D = Time resting spent in this place.
 E = Time spent auto-exploring this place.
 F = Levels seen in this place.
 G = Mean time per level.
                   A        B        C        D        E       F      G
               +--------+--------+--------+--------+--------+-----+--------+
         Total |  29301 |  28148 |   1153 |   1136 |  22019 |  25 | 1172.0 |
       Dungeon |  17763 |  17001 |    762 |    494 |  13282 |  15 | 1184.2 |
        Temple |     17 |     17 |      0 |      0 |      0 |   1 |   17.0 |
          Lair |   9283 |   8963 |    320 |    547 |   7251 |   6 | 1547.2 |
         Swamp |    416 |    416 |      0 |      0 |    272 |   1 |  416.0 |
  Orcish Mines |   1821 |   1751 |     70 |     95 |   1213 |   2 |  910.5 |
               +--------+--------+--------+--------+--------+-----+--------+

Top non-repeatable levels by time:
  Lair:2: 2713 daAuts
  Lair:6: 2325 daAuts
    D:12: 1898 daAuts
   Orc:2: 1670 daAuts
    D:14: 1620 daAuts
    D:13: 1537 daAuts
    D:11: 1392 daAuts
     D:5: 1383 daAuts
     D:8: 1192 daAuts
     D:9: 1185 daAuts
     D:4: 1152 daAuts
  Lair:3: 1113 daAuts
  Lair:4: 1085 daAuts
     D:3: 1053 daAuts
  Lair:5: 1035 daAuts
